 Dungeon Crawl Stone Soup version 0.27-a0-562-g0d39f094a4 (webtiles) character file.

Game seed: 9931358228221210374

1 porpoise the Sneak (level 1, -1/14 HPs)
             Began as a Gargoyle Delver on Mar 8, 2021.
             Slain by a gnoll
             ... wielding a +0 spear
              (6 damage)
             ... on level 3 of the Dungeon.
             The game lasted 00:00:51 (46 turns).

porpoise the Sneak (Gargoyle Delver)                  Turns: 46, Time: 00:00:52

Health: -1/14      AC:  5    Str: 15    XL:     1   Next: 20%
Magic:  1/1        EV: 11    Int: 10    God:
Gold:   12         SH:  0    Dex: 11    Spells: 0/0 levels left

rFire    . . .     SeeInvis .   a - +0 mace
rCold    . . .     Faith    .   (no shield)
rNeg     + . .     Spirit   .   b - +0 leather armour
rPois    ∞         Reflect  .   (no helmet)
rElec    +         Harm     .   (no cloak)
rCorr    .         Rampage  .   (no gloves)
Will     .....                  (no boots)
Stlth    +++.......             (no amulet)
HPRegen  0.04/turn              (no ring)
MPRegen  0.07/turn              (no ring)

@: no status effects
A: negative energy resistance 1, electricity resistance, torment resistance 1,
unbreathing 1, petrification resistance, AC +2
a: no special abilities


You were on level 3 of the Dungeon.
You visited 1 branch of the dungeon, and saw 3 of its levels.

You collected 12 gold pieces.

Inventory:

Hand Weapons
 a - a +0 mace (weapon)
Armour
 b - a +0 leather armour (worn)
Wands
 g - a wand of digging (3)
Scrolls
 c - a scroll of fog
 d - a scroll of magic mapping
 e - a scroll of fear
Potions
 f - a potion of haste


   Skills:
 + Level 3.3 Fighting
 + Level 2.0 Maces & Flails
 - Level 1.5 Dodging
 - Level 5.4 Stealth


You couldn't memorise any spells.
You didn't know any spells.
Your spell library was empty.

Dungeon Overview and Level Annotations

Branches:
Dungeon (5/15)
 Temple: D:4-7

Altars:


Innate Abilities, Weirdness & Mutations

Your stone body is resilient. (AC +2)
You are immune to poison.
You resist negative energy. (rN+)
You are resistant to electric shocks. (rElec)
You are resistant to unholy torment.
You can survive without breathing.
You are immune to petrification.


Message History

Welcome, porpoise the Gargoyle Delver.
Will you prevail where others failed? Will you find the Orb of Zot?
Press ? for a list of commands and other information.
Found 12 gold pieces.
Found a stone staircase leading down.
Unknown command.
Found a stone staircase leading up.
There is a stone staircase leading up here.
You now have 12 gold pieces.
There is a stone staircase leading up here.
You climb upwards.
There is a stone staircase leading down here.
Found a stone staircase leading up.
There is a stone staircase leading up here.
You climb upwards.
There is a stone staircase leading down here.
You open the door.
Found 14 stones and 10 gold pieces.
A goblin comes into view. It is wielding a +0 dagger.
There is an open door here.
A gnoll comes into view. It is wielding a +0 flail.
The goblin shouts!
You hear a shout! x2
A gnoll comes into view.
You completely miss the goblin.
The gnoll shouts!
The goblin hits you but does no damage.
You hit the goblin.
You kill the goblin!
A gnoll comes into view. It is wielding a +0 spear.
Things that are here:
a +0 dagger; a goblin corpse The gnoll barely misses you.
Found 7 atropa-tipped darts.
You closely miss the gnoll. The gnoll hits you!
Ouch! That really hurt!
A gnoll comes into view.
The gnoll hits you but does no damage. x2
You closely miss the gnoll. The gnoll hits you.
The gnoll hits you from afar with a +0 spear.
You die...

###########
..........#
..........#
..........#
(.g..g.@).#
......gg..###
......$...#.#
..........#.#
..........'>#
..........###
......(...#
..........#
....##+##


You could see 4 gnolls.

Vanquished Creatures
  A goblin (D:3)
1 creature vanquished.

Notes
Turn   | Place    | Note
-------+----------+-------------------------------------------
     0 | D:5      | porpoise the Gargoyle Delver began the quest for the Orb.
     0 | D:5      | Reached XP level 1. HP: 14/14 MP: 1/1
    46 | D:3      | Slain by a gnoll

Illustrated notes

Levels and vault maps discovered:
D:3:      layout_basic
D:4:      layout_basic, minmay_temple_entry_butterflies
D:5:      layout_gridville, nicolae_overflow_crystal_walls, basic_altar

Action                   || total
-------------------------++-------
Melee: Mace              ||     4
Armor: Leather armour    ||     2
Dodge: Dodged            ||     1

Table legend: (Time is in decaauts)
 A = Elapsed time spent in this place.
 B = Non-inter-level travel time spent in this place.
 C = Inter-level travel time spent in this place.
 D = Time resting spent in this place.
 E = Time spent auto-exploring this place.
 F = Levels seen in this place.
 G = Mean time per level.
                   A        B        C        D        E       F      G
               +--------+--------+--------+--------+--------+-----+--------+
         Total |     46 |     46 |      0 |      0 |      2 |   3 |   15.3 |
       Dungeon |     46 |     46 |      0 |      0 |      2 |   3 |   15.3 |
               +--------+--------+--------+--------+--------+-----+--------+

Top non-repeatable levels by time:
     D:5: 19 daAuts
     D:3: 14 daAuts
     D:4: 12 daAuts
